 Dungeon Crawl Stone Soup version 0.31.0-11-ge490571c62 (webtiles) character file.

Game seed: 17803727276445732219

683 qw the Ducker (level 7, -10/35 HPs)
             Began as a Spriggan Hunter on Feb 3, 2024.
             Mangled by Pikel
             ... wielding a +1 whip of flaming
              (12 damage)
             ... on level 5 of the Dungeon.
             The game lasted 00:01:11 (3008 turns).

qw the Ducker (Spriggan Hunter)                     Turns: 3008, Time: 00:01:12

Health: -10/35     AC:  3    Str:  7    XL:     7   Next: 35%
Magic:  8/8        EV: 22    Int: 11    God:
Gold:   101        SH:  5    Dex: 20    Spells: 6/6 levels left

rFire   . . .        a - +1 shortbow
rCold   . . .        (shield currently unavailable)
rNeg    . . .        c - +0 robe
rPois   .            (helmet restricted)
rElec   .            f - +0 cloak
rCorr   .            (gloves unavailable)
SInv    +            (boots unavailable)
Will    +....        e - amulet of reflection
Stlth   ++           (no ring)
HPRegen 0.25/turn    (no ring)
MPRegen 0.11/turn

%: reflection
@: about to teleport, very quick
A: very small, no large weapons, unfitting armour, see invisible, speed 3
a: no special abilities


You were on level 5 of the Dungeon.
You visited 1 branch of the dungeon, and saw 5 of its levels.

You collected 192 gold pieces.
You spent 91 gold pieces at shops.


Innate Abilities, Weirdness & Mutations

You are very small and have problems with some larger weapons.
You are too small for most types of armour.
You have supernaturally acute eyesight. (SInv)
You cover ground extremely quickly. (Speed+++)


   Skills:
 - Level 2.0 Fighting
 + Level 7.2 Ranged Weapons
 - Level 7.3 Dodging
 - Level 1.5 Stealth


You had 6 spell levels left.
You didn't know any spells.
Your spell library was empty.

Inventory:

Hand Weapons
 a - a +1 shortbow (weapon)
Armour
 c - a +0 robe (worn)
 f - a +0 cloak (worn)
Jewellery
 e - an amulet of reflection (around neck)
Scrolls
 d - 7 scrolls of teleportation
Potions
 g - a potion of might
 h - a potion of mutation
 i - a potion of berserk rage {unknown}
 j - a potion of heal wounds

Dungeon Overview and Level Annotations

Branches:
Dungeon (5/15)
 Temple: D:4-7

Altars:
Makhleb
The Shining One

Shops:
D:3 ?[

Annotations:
D:5 Pikel


Message History

Pikel misses you.
You shoot an arrow. The arrow barely misses Pikel.
The arrow hits the lemure.
The lemure is heavily wounded.
You block Pikel's attack.
You shoot an arrow. The arrow hits Pikel.
Pikel is moderately wounded.
Pikel completely misses you.
You shoot an arrow. The arrow hits Pikel.
Pikel is moderately wounded.
Pikel barely misses you.
You shoot an arrow.
The arrow hits Pikel but does no damage.
Pikel is moderately wounded.
Pikel misses you.
You shoot an arrow.
The arrow hits Pikel but does no damage.
Pikel is moderately wounded.
Pikel barely misses you.
You shoot an arrow. The arrow hits Pikel.
Pikel is heavily wounded.
Pikel completely misses you.
You shoot an arrow.
The arrow hits Pikel but does no damage.
Pikel is moderately wounded.
You block Pikel's attack.
You shoot an arrow. The arrow hits Pikel!
Pikel is heavily wounded.
Pikel hits you with a +1 whip of flaming.
Pikel burns you.
You shoot an arrow. The arrow closely misses Pikel.
The arrow hits the lemure.
The lemure is severely wounded.
Pikel hits you with a +1 whip of flaming!
Pikel burns you.
3008 ||| READING 8 scrolls of teleportation.
As you read the scroll of teleportation, it crumbles to dust.
You feel strangely unstable.
Pikel says, "I just want to get paid!"
Pikel hits you with a +1 whip of flaming!
You die...
Pikel says, "Another soul for the market."

>...# ....########
## ## ............
.. .> ...(########
5##. .......# ..5
.......# ..#
.......# ..#
.......#
#######5.#####
.......#
#....@K55.....
.......#
#.######.####$
.......# #.# #
.......# #.####
.......# ###....#
...)...# #.(.##.#
####...###....#.##
#........_.....
#...##.#....###


You could see Pikel and 3 lemures.

Vanquished Creatures
  Sigmund (D:5)
  2 ogres
  A lemure (D:5)
  A phantom (D:4)
  A howler monkey (D:4)
  A hound (D:5)
  Jessica (D:2)
  An iguana (D:5)
  8 adders
  5 ribbon worms
  An orc (D:4)
  4 endoplasms
  10 giant cockroaches (D:2)
  8 hobgoblins
  3 jackals (D:1)
  5 kobolds
  6 quokkas
  7 ball pythons
  6 bats
  4 frilled lizards
  6 goblins
  3 rats
85 creatures vanquished.

Notes
Turn   | Place    | Note
-------+----------+-------------------------------------------
     0 | D:1      | qw the Spriggan Hunter began the quest for the Orb.
     0 | D:1      | Reached XP level 1. HP: 10/10 MP: 2/2
     0 | D:1      | 0 ||| qw: Version: 0.3-a-155-g5e7d8dd
     0 | D:1      | 0 ||| qw: Game counter: 3464
     0 | D:1      | 0 ||| qw: Melee chars always use a shield: true
     0 | D:1      | 0 ||| qw: God list: Okawaru
     0 | D:1      | 0 ||| qw: Allow faded altars: false
     0 | D:1      | 0 ||| qw: Do Orc after clearing Dungeon:15 true
     0 | D:1      | 0 ||| qw: Do second Lair branch before Depths: true
     0 | D:1      | 0 ||| qw: Lair rune preference: random
     0 | D:1      | 0 ||| qw: Goals: Normal
     0 | D:1      | 0 ||| PLANNING D:1-11
    36 | D:1      | Reached skill level 3 in Dodging
   126 | D:1      | Reached XP level 2. HP: 14/14 MP: 3/3
   216 | D:1      | Found a faded altar of an unknown god.
   253 | D:1      | You fall into a shaft and drop 1 floor!
   258 | D:2      | Noticed Jessica
   263 | D:2      | HP: 3/14 [Jessica/nerve-wracking pain (11)]
   264 | D:2      | Killed Jessica
   265 | D:2      | Reached XP level 3. HP: 4/18 MP: 4/4
   322 | D:2      | Found a burning altar of Makhleb.
   353 | D:2      | 353 ||| UPGRADING to +0 cloak.
   358 | D:2      | 358 ||| UPGRADING to amulet of reflection.
   363 | D:2      | 363 ||| READING scroll labelled VUEREL BOCYOL.
   363 | D:2      | 363 ||| IDENTIFYING bubbling inky potion
   364 | D:2      | 364 ||| DROPPING scroll of butterflies.
   365 | D:2      | 365 ||| DROPPING potion of invisibility.
   761 | D:2      | Reached XP level 4. HP: 22/22 MP: 5/5
  1156 | D:2      | 1156 ||| READING scroll labelled VAUTIH GEPO.
  1199 | D:2      | 1199 ||| READING scroll labelled TAUZUENOGE.
  1300 | D:2      | 1300 ||| READING scroll labelled DIACIGOABI.
  1305 | D:2      | 1305 ||| DRINKING 2 sapphire potions.
  1446 | D:3      | Found Qusym's Magic Scroll Shoppe.
  1455 | D:3      | 1455 ||| SHOPLISTING scroll of acquirement (676 gold, have
                  | 93).
  1455 | D:3      | 1455 ||| SHOPLISTING scroll of enchant weapon (97 gold,
                  | have 93).
  1455 | D:3      | 1455 ||| BUYING scroll of identify (26 gold).
  1455 | D:3      | Bought a scroll of identify for 26 gold pieces
  1455 | D:3      | 1455 ||| BUYING scroll of identify (26 gold).
  1455 | D:3      | Bought a scroll of identify for 26 gold pieces
  1455 | D:3      | 1455 ||| BUYING scroll of teleportation (39 gold).
  1455 | D:3      | Bought a scroll of teleportation for 39 gold pieces
  1828 | D:3      | Found Asheocw's Antique Armour Shoppe.
  2215 | D:3      | 2215 ||| DROPPING amulet of magic regeneration.
  2216 | D:3      | 2216 ||| READING 3 scrolls of identify.
  2216 | D:3      | 2216 ||| IDENTIFYING clear potion
  2217 | D:3      | 2217 ||| READING 2 scrolls of identify.
  2217 | D:3      | 2217 ||| IDENTIFYING viscous puce potion
  2218 | D:3      | 2218 ||| READING scroll of identify.
  2218 | D:3      | 2218 ||| IDENTIFYING fizzy coppery potion
  2219 | D:3      | 2219 ||| DROPPING potion of degeneration.
  2220 | D:3      | 2220 ||| DROPPING potion of brilliance.
  2247 | D:4      | Noticed an ogre
  2248 | D:4      | 2248 ||| STAIRDANCE
  2350 | D:4      | 2350 ||| RETREEEEATING.
  2356 | D:4      | Killed an ogre
  2357 | D:4      | Reached XP level 5. HP: 26/26 MP: 6/6
  2360 | D:4      | Reached skill level 6 in Ranged Weapons
  2378 | D:4      | Reached XP level 6. HP: 30/30 MP: 7/7
  2425 | D:4      | Reached skill level 6 in Dodging
  2767 | D:4      | 2767 ||| READING scroll of identify.
  2767 | D:4      | 2767 ||| IDENTIFYING fuming blue potion
  2768 | D:4      | 2768 ||| READING 3 scrolls labelled AVVUNI QOUQA.
  2769 | D:4      | 2769 ||| READING scroll labelled VONOEN VIMM.
  2769 | D:4      | 2769 ||| ENCHANTING +0 shortbow.
  2770 | D:4      | 2770 ||| READING 2 scrolls labelled GAASMO QOCRU.
  2771 | D:4      | 2771 ||| DRINKING 2 murky silvery potions.
  2772 | D:4      | 2772 ||| DROPPING 2 scrolls of poison.
  2773 | D:4      | 2773 ||| DROPPING potion of magic.
  2774 | D:4      | 2774 ||| DROPPING scroll of fog.
  2776 | D:4      | 2776 ||| Stepping ~*~*~tactically~*~*~ (cloud).
  2899 | D:5      | Entered Level 5 of the Dungeon
  2904 | D:5      | Noticed Sigmund
  2910 | D:5      | Killed Sigmund
  2911 | D:5      | Reached XP level 7. HP: 35/35 MP: 8/8
  2953 | D:5      | Found a glowing golden altar of the Shining One.
  2973 | D:5      | 2973 ||| RETREEEEATING.
  2974 | D:5      | Noticed Pikel
  2975 | D:5      | 2975 ||| RETREEEEATING.
  2977 | D:5      | 2977 ||| RETREEEEATING.
  2979 | D:5      | 2979 ||| RETREEEEATING.
  3007 | D:5      | HP: 2/35 [Pikel/+1 whip of flaming (9)]
  3008 | D:5      | 3008 ||| READING 8 scrolls of teleportation.
  3008 | D:5      | Mangled by Pikel

Levels and vault maps discovered:
D:1:      matt_arrival_diagonals, layout_loops_ring,
          ebering_ecumenical_altar_hall
D:2:      minmay_roachtagon, layout_rooms, basic_altar, uniq_jessica
D:3:      kennysheep_big_flooded_room, layout_basic, serial_shops,
          nicolae_shop_tiny_glass, shop, chequers_serial_rivers_small_b,
          grunt_ministairs_8
D:4:      layout_rooms
D:5:      lemuel_ratsnest, layout_basic, nicolae_overflow_crystal_walls,
          mainiacjoe_overflow_catwalk_spiral, uniq_pikel, uniq_sigmund,
          uniq_prince_ribbit1

Skill      XL: |  1  2  3  4  5  6  7 |
---------------+----------------------+-----
Dodging        | 3 4 5 6 7 |  7.3
Ranged Weapons | 5 6 7 |  7.2
Fighting       | 2 |  2.0
Stealth        | |  1.5

Action                     |  1- 3 |  4- 6 |  7- 9 || total
---------------------------+-------+-------+-------++-------
   Fire: Shortbow          |    66 |   182 |    41 ||   289
    Use: Scroll            |     1 |    10 |     1 ||    12
         Potion            |       |     2 |       ||     2
 Armour: Robe              |     2 |    15 |     7 ||    24
  Dodge: Dodged            |    19 |    38 |    18 ||    75
  Block: Other             |     2 |    11 |     6 ||    19

Table legend:
 A = Non-vault XP
 B = Vault XP
 C = Vault XP percentage of total XP
 D = Non-vault monster count
 E = Vault monster count
 F = Vault count percentage of total count
                 A         B        C        D         E       F
            +---------+---------+-------+---------+---------+-------
      Total |     690 |     287 |  29.4 |      69 |      15 |  17.9
            +---------+---------+-------+---------+---------+-------
        D:1 |      30 |       0 |   0.0 |      19 |       0 |   0.0
        D:2 |      63 |      55 |  46.6 |      15 |      10 |  40.0
        D:3 |      40 |       6 |  13.0 |      19 |       4 |  17.4
        D:4 |     343 |       0 |   0.0 |      12 |       0 |   0.0
        D:5 |     214 |     226 |  51.4 |       4 |       1 |  20.0
            +---------+---------+-------+---------+---------+-------
